 Dungeon Crawl Stone Soup version 0.30.0-11-gf55b779eaf (webtiles) character file.

Game seed: 6152051430341847719

894 workbot the Carver (level 8, -2/46 HPs)
             Began as a Gargoyle Berserker on May 15, 2023.
             Was a Believer of Trog.
             Slain by a killer bee (4 damage)
             ... on level 6 of the Dungeon on May 16, 2023.
             The game lasted 00:11:07 (4561 turns).

workbot the Carver (Gargoyle Berserker)             Turns: 4561, Time: 00:11:08

Health: -2/46      AC: 14    Str: 27 (28) XL:     8   Next: 6%
Magic:  8/8        EV: 10    Int:  7 (9)  God:    Trog [**....]
Gold:   246        SH:  0    Dex:  8 (9)  Spells: 7/7 levels left

rFire   . . .        c - +0 long sword
rCold   . . .        (no shield)
rNeg    + . .        x - +0 scale mail
rPois   ∞            (no helmet)
rElec   +            (no cloak)
rCorr   .            e - +1 pair of gloves
SInv    .            (no boots)
Will    .....        o - amulet of magic regeneration Stlth
                     q - +6 ring of strength
HPRegen 0.27/turn    (no ring)
MPRegen 0.51/turn

%: no passive effects
@: on berserk cooldown
A: sickness immunity, AC +5, negative energy resistance 1, electricity
resistance, torment resistance 1, petrification resistance
a: Renounce Religion, Berserk, Trog's Hand


You were on level 6 of the Dungeon.
You worshipped Trog.
Trog was pleased with you.
You visited 1 branch of the dungeon, and saw 6 of its levels.

You collected 246 gold pieces.

Inventory:

Hand Weapons
 c - a +0 long sword (weapon)
Armour
 e - a +1 pair of gloves (worn)
 x - a +0 scale mail (worn)
Jewellery
 o - an amulet of magic regeneration (around neck)
 q - a +6 ring of strength (left hand)
 v - an amulet of reflection
Wands
 n - a wand of iceblast (8)
 A - a wand of charming (10)
Scrolls
 f - a scroll of enchant weapon
 m - 2 scrolls of poison
 z - a scroll of vulnerability
Potions
 d - a potion of lignification
 i - a potion of degeneration
 j - a potion of berserk rage {unknown}
 l - a potion of cancellation {unknown}
 p - a potion of mutation {unknown}
 r - a potion of ambrosia {unknown}
 s - a potion of resistance {unknown}
 t - a potion of flight
 u - a potion of brilliance {unknown}


   Skills:
 - Level 3.2 Fighting
 + Level 8.6 Long Blades
 - Level 2.1 Armour
 - Level 1.5 Dodging


You had 7 spell levels left.
You didn't know any spells.
Your spell library was empty.

Dungeon Overview and Level Annotations

Branches:
Dungeon (6/15)             Temple (0/1) D:5

Altars:
Dithmenos
Elyvilon
Gozag

Shops:
D:1 [


Innate Abilities, Weirdness & Mutations

You are immune to sickness and miasma.
Your stone body is resilient. (AC +5)
You are immune to poison.
You resist negative energy. (rN+)
You are resistant to electric shocks. (rElec)
You are resistant to unholy torment.
You are immune to petrification.


Message History

The killer bee is severely wounded.
The killer bee stings you but does no damage.
The killer bee stings you. The killer bee barely misses you.
You miss the killer bee.
The killer bee is severely wounded.
The killer bee stings you but does no damage. x2
The killer bee stings you.
You barely miss the killer bee.
The killer bee is severely wounded.
The killer bee closely misses you. The killer bee misses you.
The killer bee barely misses you.
You closely miss the killer bee.
The killer bee is severely wounded.
The killer bee stings you. x2
* * * LOW HITPOINT WARNING * * *
You barely miss the killer bee.
The killer bee is heavily wounded.
You feel yourself speed up.
The killer bee stings you but does no damage.
The killer bee closely misses you.
The killer bee stings you but does no damage.
You miss the killer bee.
The killer bee is heavily wounded.
The killer bee barely misses you. The killer bee closely misses you.
You barely miss the killer bee.
The killer bee is heavily wounded.
The killer bee closely misses you. The killer bee stings you!
* * * LOW HITPOINT WARNING * * *
You barely miss the killer bee.
The killer bee is heavily wounded.
The killer bee stings you but does no damage.
The killer bee stings you.
* * * LOW HITPOINT WARNING * * *
You barely miss the killer bee.
The killer bee is heavily wounded.
The killer bee closely misses you. The killer bee barely misses you.
You miss the killer bee.
The killer bee is heavily wounded.
The killer bee stings you.
You die...

#.# #.#
#.# #.#
#.#
###.#
#...#
#..#y#
#.y. #@#
#..# #.#
yy
####.# y
#....#
#.####
#.# #.#
#.#
######.#


You could see a killer bee.

Vanquished Creatures
  A black bear (D:5)
  An ogre (D:4)
  2 phantoms (D:5)
  A scorpion (D:2)
  A gnoll sergeant (D:5)
  3 killer bees (D:6)
  A hound (D:4)
  2 iguanas
  7 gnolls
  6 adders
  A river rat (D:3)
  2 shadow imps
  2 worms (D:3)
  7 dart slugs
  10 ball pythons
  A bat (D:3)
  5 endoplasms
  5 giant cockroaches
  6 goblins
  5 hobgoblins
  6 jackals
  3 quokkas (D:3)
  3 frilled lizards
  8 kobolds
  4 rats
93 creatures vanquished.

Notes
Turn   | Place    | Note
-------+----------+-------------------------------------------
     0 | D:1      | workbot the Gargoyle Berserker began the quest for the Orb.
     0 | D:1      | Reached XP level 1. HP: 14/14 MP: 1/1
    39 | D:1      | Found a faded altar of an unknown god.
    88 | D:1      | Reached skill level 3 in Long Blades
   127 | D:1      | Reached XP level 2. HP: 19/19 MP: 2/2
   286 | D:1      | Found Ymang's Antique Armour Shop.
   488 | D:1      | Reached XP level 3. HP: 23/23 MP: 3/3
   789 | D:2      | Reached skill level 4 in Long Blades
   791 | D:2      | Reached ** piety under Trog
   868 | D:2      | Noticed a scorpion
   874 | D:2      | Killed a scorpion
   875 | D:2      | Reached XP level 4. HP: 28/28 MP: 4/4
   946 | D:2      | Reached skill level 5 in Long Blades
   951 | D:2      | Reached XP level 5. HP: 27/32 MP: 5/5
   966 | D:2      | HP: 1/32 [gnoll/+0 flail (8)]
  1773 | D:3      | Found a shadowy altar of Dithmenos.
  1899 | D:3      | Found a white marble altar of Elyvilon.
  2573 | D:4      | Upgraded the game from 0.30.0-10-gfe55d96785 to
                  | 0.30.0-11-gf55b779eaf
  2599 | D:4      | Reached XP level 6. HP: 29/37 MP: 6/6
  2745 | D:4      | Found an opulent altar of Gozag.
  2867 | D:4      | Reached skill level 6 in Long Blades
  3622 | D:5      | Entered Level 5 of the Dungeon
  3636 | D:5      | Found a staircase to the Ecumenical Temple.
  3658 | D:5      | Reached skill level 7 in Long Blades
  3658 | D:5      | Reached XP level 7. HP: 35/41 MP: 7/7
  3813 | D:5      | Reached *** piety under Trog
  4229 | D:5      | Reached skill level 8 in Long Blades
  4528 | D:6      | Reached XP level 8. HP: 46/46 MP: 8/8
  4559 | D:6      | HP: 1/46 [killer bee (6)]
  4561 | D:6      | Slain by a killer bee

Illustrated notes

Levels and vault maps discovered:
D:1:      lemuel_arrival_tunnels, layout_basic, serial_shops,
          nicolae_shop_peninsula, ebering_ecumenical_altar_sacrificial
D:2:      layout_basic
D:3:      layout_basic, grunt_dithmenos_smoke_and_mirrors,
          nicolae_overflow_crystal_walls, gup_sewer_entry_spiral,
          kennysheep_doodads, kennysheep_generic_room_6
D:4:      layout_basic, nicolae_gozag_seed_capital
D:5:      layout_basic, temple_fountains, chequers_serial_rivers_room_a,
          uniq_blork_the_orc
D:6:      layout_basic, old_standard_altar, nicolae_sif_muna_condensation

Skill      XL: |  1  2  3  4  5  6  7 |
---------------+----------------------+-----
Long Blades    | 3 4 5 7 8 |  8.6
Fighting       | |  3.2
Armour         | |  2.1
Dodging        | |  1.5

Action                     |  1- 3 |  4- 6 |  7- 9 || total
---------------------------+-------+-------+-------++-------
  Melee: Falchion          |    94 |   250 |   101 ||   445
         Punch             |     1 |     2 |     2 ||     5
         Long sword        |       |       |    52 ||    52
 Invoke: Berserk           |     3 |     3 |     3 ||     9
  Evoke: Wand              |     1 |       |       ||     1
    Use: Potion            |       |     4 |     2 ||     6
         Scroll            |       |     5 |     6 ||    11
 Armour: Animal skin       |     8 |       |       ||     8
         Leather armour    |    17 |    16 |       ||    33
         Scale mail        |       |    77 |   105 ||   182
         Skin              |       |     2 |       ||     2
  Dodge: Dodged            |    55 |   112 |    92 ||   259
